 Dungeon Crawl Stone Soup version 0.30.0-29-ga12c61a403 (webtiles) character file.

Game seed: 17724269740607869582

46 seaoflcl the Covered (level 3, -4/33 HPs)
             Began as a Minotaur Fighter on June 11, 2023.
             Slain by an ogre
             ... wielding a +0 giant club
              (20 damage)
             ... on level 3 of the Dungeon.
             The game lasted 00:01:45 (1753 turns).

seaoflcl the Covered (Minotaur Fighter)             Turns: 1753, Time: 00:01:46

Health: -4/33      AC:  9    Str: 22    XL:     3   Next: 44%
Magic:  2/2        EV:  8    Int:  5    God:
Gold:   99         SH:  4    Dex:  9    Spells: 2/2 levels left

rFire   . . .        k - +1 rapier of Defilement {flame, SInv}
rCold   . . .        c - +0 buckler
rNeg    . . .        i - +0 chain mail
rPois   .            (helmet restricted)
rElec   .            (no cloak)
rCorr   .            (no gloves)
SInv    +            (no boots)
Will    .....        (no amulet) Stlth
                     (no ring)
HPRegen 0.25/turn    (no ring)
MPRegen 0.08/turn

%: no passive effects
@: no status effects
A: horns 2, retaliatory headbutt
a: no special abilities


You were on level 3 of the Dungeon.
You visited 1 branch of the dungeon, and saw 3 of its levels.

You collected 99 gold pieces.

Inventory:

Hand Weapons
 a - a +0 war axe
 k - the +1 rapier of Defilement (weapon) {flame, SInv}
   (You found it on level 2 of the Dungeon)

   SInv:      It lets you see invisible.
 l - a +2 spear of distortion
Missiles
 m - 3 poisoned darts (quivered)
 q - 4 atropa-tipped darts
Armour
 c - a +0 buckler (worn)
 i - a +0 chain mail (worn)
Scrolls
 b - a scroll of identify {unknown}
 e - 3 scrolls of teleportation {unknown}
 f - 2 scrolls of magic mapping {unknown}
 j - a scroll of enchant armour {unknown}
 n - a scroll of immolation {unknown}
 o - a scroll of butterflies {unknown}
 p - a scroll of fog {unknown}
Potions
 d - a potion of might
 g - 3 potions of attraction {unknown}
 h - a potion of lignification {unknown}
 r - a potion of brilliance {unknown}


   Skills:
 + Level 4.0 Fighting
 + Level 0.2 Short Blades
 * Level 3.3 Axes
 + Level 0.1 Throwing
 * Level 4.2 Armour
 + Level 4.0 Shields


You had 2 spell levels left.
You didn't know any spells.
Your spell library contained the following spells:

 Spells                   Type           Power      Damage    Failure   Level
 Apportation              Tloc           0%         N/A       99%         1
 Necrotise                Necr           0%         1d4       99%         1
 Summon Small Mammal      Summ           0%         N/A       99%         1


Dungeon Overview and Level Annotations

Branches:
Dungeon (3/15)

Altars:
Ru


Innate Abilities, Weirdness & Mutations

You have a pair of horns on your head.
You reflexively headbutt those who attack you in melee.


Message History

The frilled lizard barely misses you.
You hit the frilled lizard. You burn the frilled lizard.
You kill the frilled lizard!
No target in view!
No target in view!
No target in view!
No target in view!
No target in view!
No target in view!
No target in view!
No target in view!
No target in view!
No target in view!
No target in view!
No target in view!
HP restored.
An ogre comes into view. It is wielding a +0 giant club.
The ogre shouts!
An ogre is nearby!
An ogre is nearby!
The ogre barely misses you.
You hit the ogre. You burn the ogre.
The ogre is lightly wounded.
The ogre closely misses you.
You hit the ogre but do no damage.
The ogre is lightly wounded.
The ogre completely misses you. You furiously retaliate!
You headbutt the ogre!
A frilled lizard comes into view.
The frilled lizard hisses angrily.
You hit the ogre. You burn the ogre.
The ogre is severely wounded.
You hit the ogre. You burn the ogre. Your headbutt misses the ogre.
The ogre is severely wounded.
The ogre hits you with a +0 giant club!
Ouch! That really hurt!
You barely miss the ogre.
The ogre is severely wounded.
The ogre hits you with a +0 giant club!!
Ouch! That really hurt!
You die...

.. . .. . .# ####..#
.. ..##.......
#.#####.........
#...."##..P....#
##.........#
#...>..._.## ####
#@####.....####...
#O# #..P.†..##...
.l#####...##......
...................
...#########..###...
##.# ##.###... ..
#.##.... ...
#...<### #........#


You could see an ogre and a frilled lizard.

Vanquished Creatures
  An adder (D:2)
  A worm (D:2)
  3 ball pythons
  A bat (D:1)
  5 endoplasms
  2 giant cockroaches (D:2)
  2 goblins (D:1)
  2 hobgoblins
  3 kobolds
  4 quokkas
  2 frilled lizards
  3 rats (D:2)
29 creatures vanquished.

Notes
Turn   | Place    | Note
-------+----------+-------------------------------------------
     0 | D:1      | seaoflcl the Minotaur Fighter began the quest for the Orb.
     0 | D:1      | Reached XP level 1. HP: 19/19 MP: 0/0
   318 | D:1      | Reached XP level 2. HP: 27/27 MP: 1/1
   939 | D:2      | Identified the +1 rapier of Defilement {flame, SInv}
  1301 | D:2      | Found a faded altar of an unknown god.
  1310 | D:2      | Reached XP level 3. HP: 33/33 MP: 2/2
  1726 | D:3      | Found a sacrificial altar of Ru.
  1746 | D:3      | Noticed an ogre
  1753 | D:3      | Slain by an ogre

Illustrated notes

Levels and vault maps discovered:
D:1:      grunt_arrival_crossed_arrows, layout_rooms, minmay_misc_feat_alley,
          serial_bayou_pond_e, minmay_misc_feat_doors
D:2:      layout_basic, shapermc_ecumenical_altar_starsandcircs
D:3:      layout_rooms, mainiacjoe_overflow_tiny_flanked,
          mrwooster_statue_mirror, serial_bayou_lagoon_b

Skill      XL: |  1  2  3 |
---------------+----------+-----
Axes           | 3 |  3.3
Armour         | 4 |  4.2
Shields        | 4 |  4.0
Fighting       | 4 |  4.0
Short Blades   | |  0.2
Throwing       | |  0.1

Action                     || total
---------------------------++-------
  Melee: War axe           ||    36
         Headbutt          ||    12
         Rapier            ||    29
 Armour: Scale mail        ||    12
         Chain mail        ||     4
  Dodge: Dodged            ||    28
  Block: Buckler           ||    15
